 Seeded DCSS version 0.30-a0-1160-g6e42c06551 (webtiles) character file.

Game seed: 15277991969113883243 (custom seed)

7583 voltaire321 the Fighter (level 10, -17/90 HPs)
             Began as a Minotaur Fighter on Apr 26, 2023.
             Was an Initiate of Makhleb.
             Killed by the air
             ... invoked by Gastronok
              (33 damage)
             ... on level 1 of the Lair of Beasts.
             The game lasted 00:19:13 (9230 turns).

voltaire321 the Fighter (Minotaur Fighter)          Turns: 9230, Time: 00:19:13

Health: -17/90     AC: 20    Str: 24    XL:     10   Next: 97%
Magic:  10/10      EV:  6    Int:  5    God:    Makhleb [......]
Gold:   588        SH: 11    Dex: 17    Spells: 9/9 levels left

rFire   + + +        C - +1 war axe "Tathorut" {freeze, *Noise rF+ rN+ Stlth+}
rCold   + + .        h - +0 kite shield of Negation {rElec rPois rF+}
rNeg    + . .        s - +0 gold dragon scales
rPois   +            (helmet restricted)
rElec   +            O - scarf {+Inv}
rCorr   .            (no gloves)
SInv    .            q - +2 pair of boots {Fly}
Will    .....        (no amulet) Stlth
                     m - +6 ring of dexterity
HPRegen 0.35/turn    H - ring of protection from cold
MPRegen 0.12/turn

%: no passive effects
@: flying
A: horns 2, retaliatory headbutt
a: Renounce Religion, Evoke Invisibility


You were on level 1 of the Lair of Beasts.
You worshipped Makhleb.
Makhleb was noncommittal.
You visited 3 branches of the dungeon, and saw 12 of its levels.

You collected 588 gold pieces.

Inventory:

Hand Weapons
 t - a +2 hand axe of flaming
 C - the +1 war axe "Tathorut" (weapon) {freeze, *Noise rF+ rN+ Stlth+}
   (You found it on level 5 of the Dungeon)

   rF:        It protects you from fire.
   rN:        It protects you from negative energy.
   *Noise:    It may make noises in combat.
   Stlth:     It makes you more stealthy.
Missiles
 b - 13 javelins
 v - 10 boomerangs (quivered)
 L - a throwing net
Armour
 h - the +0 kite shield of Negation (worn) {rElec rPois rF+}
   (You found it on level 2 of the Dungeon)

   rF:        It protects you from fire.
   rElec:     It insulates you from electricity.
   rPois:     It protects you from poison.
 q - a +2 pair of boots of flying (worn)
 s - +0 gold dragon scales (worn)
 O - a scarf of invisibility (worn)
Jewellery
 m - a +6 ring of dexterity (left hand)
 H - a ring of protection from cold (right hand)
Wands
 x - a wand of iceblast (3)
 D - a wand of paralysis (9)
 I - a wand of quicksilver (23)
 K - a wand of polymorph (10)
 N - a wand of digging (5)
Scrolls
 c - 2 scrolls of vulnerability {unknown}
 e - 9 scrolls of identify {unknown}
 f - 5 scrolls of immolation {unknown}
 k - 6 scrolls of teleportation {unknown}
 l - 2 scrolls of noise {unknown}
 p - 3 scrolls of magic mapping {unknown}
 r - 2 scrolls of amnesia {unknown}
 w - a scroll of poison {unknown}
 y - a scroll of summoning {unknown}
 F - 3 scrolls of enchant armour {unknown}
 G - a scroll of blinking {unknown}
 J - a scroll of torment {unknown}
 M - a scroll of enchant weapon {unknown}
Potions
 a - 2 potions of attraction {unknown}
 d - 4 potions of might
 g - 2 potions of flight {unknown}
 i - a potion of haste {unknown}
 j - 4 potions of ambrosia {unknown}
 n - 2 potions of brilliance {unknown}
 o - 4 potions of curing
 u - 2 potions of resistance {unknown}
 z - 2 potions of magic {unknown}
 A - 4 potions of degeneration {unknown}
 B - 2 potions of berserk rage {unknown}
 E - a potion of cancellation {unknown}
 P - a potion of heal wounds {unknown}


   Skills:
 + Level 8.8 Fighting
 + Level 8.2 Axes
 + Level 5.9 Throwing
 + Level 8.8 Armour
 + Level 6.9 Dodging
 + Level 8.7 Shields
 + Level 1.4 Invocations
 + Level 5.0 Evocations


You had 9 spell levels left.
You didn't know any spells.
Your spell library contained the following spells:

 Spells                   Type           Power      Damage    Failure   Level
 Beastly Appendage        Tmut           0%         N/A       100%        1
 Freeze                   Ice            0%         1d3       100%        1
 Shock                    Conj/Air       0%         1d3       100%        1
 Sting                    Tmut/Pois      0%         1d3       100%        1
 Summon Small Mammal      Summ           0%         N/A       100%        1
 Cigotuvi's Dreadful Rot  Necr/Pois/Air  0%         N/A       100%        2
 Ensorcelled Hibernation  Hex/Ice        0%         N/A       100%        2
 Passwall                 Tmut/Erth      0%         N/A       100%        2
 Poisonous Vapours        Pois/Air       0%         N/A       100%        2
 Wereblood                Tmut           0%         N/A       100%        2
 Call Canine Familiar     Summ           0%         N/A       100%        3
 Gell's Gravitas          Tloc           0%         N/A       100%        3
 Ignite Poison            Fire/Tmut/Pois 0%         N/A       100%        3
 Ozocubu's Armour         Ice            0%         N/A       100%        3
 Spider Form              Tmut/Pois      0%         N/A       100%        3
 Summon Guardian Golem    Hex/Summ       0%         N/A       100%        3
 Swiftness                Air            0%         N/A       100%        3
 Teleport Other           Tloc           0%         N/A       100%        3
 Anguish                  Hex/Necr       0%         N/A       100%        4
 Cause Fear               Hex            0%         N/A       100%        4
 Olgreb's Toxic Radiance  Pois           0%         N/A       100%        4
 Freezing Cloud           Conj/Ice/Air   0%         6-21      100%        5
 Metabolic Englaciation   Hex/Ice        0%         N/A       100%        5
 Dispersal                Tloc           0%         N/A       100%        6
 Simulacrum               Ice/Necr       0%         N/A       100%        6
 Enfeeble                 Hex            0%         N/A       100%        7
 Ozocubu's Refrigeration  Ice            0%         4d7       100%        7
 Polar Vortex             Ice            0%         N/A       100%        9


Dungeon Overview and Level Annotations

Branches:
Dungeon (10/15)            Temple (1/1) D:7            Lair (1/5) D:8
    Orc: D:9-12

Altars:
Ashenzari
Cheibriados
Dithmenos
Elyvilon
Fedhas
Hepliaklqana
Makhleb
Okawaru
Trog
Uskayaw
Vehumet
Wu Jian
Xom
The Shining One

Shops:
D:1 =

Annotations:
D:10 2 transporters, TheSexyCheese's ghost, journeyman OgFE
Lair:1 Gastronok


Innate Abilities, Weirdness & Mutations

You have a pair of horns on your head.
You reflexively headbutt those who attack you in melee.


Message History

You kill the bat!
The bat's corpse disappears in a puff of smoke!
You block the river rat's attack. Gastronok bites you!!
You hit Gastronok. You freeze Gastronok. You headbutt Gastronok.
Gastronok is heavily wounded.
You hit the river rat but do no damage. The river rat bites you.
Gastronok bites you!
You hit Gastronok. You freeze Gastronok.
Gastronok is heavily wounded.
You barely miss the river rat. You block the river rat's attack.
You hit Gastronok. You freeze Gastronok.
Gastronok is heavily wounded.
You hit the river rat. You freeze the river rat.
You block the river rat's attack. Gastronok bites you!!
* * * LOW HITPOINT WARNING * * *
You block the river rat's attack.
You hit Gastronok. You freeze Gastronok. You headbutt Gastronok!
Gastronok is severely wounded.
You hit the river rat but do no damage. You block the river rat's attack.
You slash Gastronok! You freeze Gastronok.
You headbutt Gastronok, but do no damage.
Gastronok is severely wounded.
You barely miss the river rat. You block the river rat's attack.
Gastronok bites you but does no damage.
You hit Gastronok but do no damage.
Gastronok is severely wounded.
You hit the river rat but do no damage. You block the river rat's attack.
You hit Gastronok. You freeze Gastronok.
Gastronok is severely wounded.
You closely miss the river rat. You block the river rat's attack.
Gastronok bites you!
* * * LOW HITPOINT WARNING * * *
You hit Gastronok. You freeze Gastronok.
Gastronok is severely wounded.
You hit the river rat. You freeze the river rat.
You kill the river rat!
The river rat's corpse disappears in a puff of smoke!
Gastronok waves his eye-stalks in wide circles.
The air twists around and strikes you!!
You die...

........# #.......... ..
........# ##......... ..#
##.####.# ##.....#.. ...
......#.## #......###+P#.##
.........# ##..............
......#.#####.....†<†......
......#........)...........
..... #........§...........
..... #.........@..........
.... #........w...........
#### #........##.#.##.....
....).....###### ##...
...........# ...
...........# ........#
.......


You could see Gastronok.

Vanquished Creatures
  Amaemon (D:8)
  An orange demon (D:8)
  2 trolls (D:10)
  A hornet (D:10)
  A blink frog (shapeshifter) (D:10)
  Sigmund (D:4)
  A shadow (D:10)
  7 yaks (Lair:1)
  A basilisk (Lair:1)
  A steam dragon (D:8)
  2 wargs (D:8)
  Edmund (D:4)
  2 acid dragons
  4 water moccasins
  2 ice beasts
  2 orc warriors
  An ogre (D:6)
  6 centaurs
  A gnoll sergeant (D:8)
  A kobold brigand (D:9)
  4 bullfrogs
  2 scorpions
  4 wights (D:8)
  4 killer bees (D:5)
  2 vampire bats (D:5)
  7 howler monkeys
  An electric eel (D:10)
  9 orc priests
  2 hounds (D:6)
  A jelly (D:6)
  2 gnoll boudas
  4 iguanas
  2 sleepcaps
  10 orc wizards
  12 gnolls
  6 adders
  2 shadow imps
  2 white imps
  2 worms
  3 dart slugs
  42 orcs
  8 bats
  8 endoplasms
  5 giant cockroaches
  5 goblins
  4 hobgoblins
  7 jackals
  9 kobolds
  8 quokkas
  3 ball pythons
  3 frilled lizards
  8 rats
230 creatures vanquished.

Vanquished Creatures (others)
  A sky beast (D:7)
  4 plants
5 creatures vanquished.

Grand Total: 235 creatures vanquished

Notes
Turn   | Place    | Note
-------+----------+-------------------------------------------
     0 | D:1      | voltaire321 the Minotaur Fighter began the quest for the
                  | Orb.
     0 | D:1      | Reached XP level 1. HP: 19/19 MP: 0/0
     6 | D:1      | Noticed a polar bear
     6 | D:1      | Noticed an iguana
     6 | D:1      | Noticed an anaconda
     7 | D:1      | Noticed a lindwurm
     7 | D:1      | Noticed a hog
    95 | D:1      | Reached XP level 2. HP: 18/27 MP: 1/1
   151 | D:1      | Found Vejyb's Jewellery Shoppe.
   457 | D:1      | Got Beginning Spellcasting
   520 | D:2      | Reached XP level 3. HP: 33/33 MP: 2/2
   543 | D:2      | Identified the +0 kite shield of Negation {rElec rPois rF+}
  1212 | D:3      | Reached skill level 1 in Dodging
  1212 | D:3      | Reached XP level 4. HP: 40/40 MP: 3/3
  1450 | D:3      | Reached XP level 5. HP: 47/47 MP: 4/4
  2388 | D:4      | Noticed Edmund
  2398 | D:4      | Killed Edmund
  2399 | D:4      | Reached skill level 5 in Fighting
  2399 | D:4      | Reached skill level 1 in Throwing
  2399 | D:4      | Reached skill level 5 in Armour
  2399 | D:4      | Reached skill level 5 in Shields
  2399 | D:4      | Reached XP level 6. HP: 13/56 MP: 5/5
  2852 | D:4      | Noticed Sigmund
  2862 | D:4      | Killed Sigmund
  2863 | D:4      | Reached XP level 7. HP: 53/61 MP: 6/6
  3139 | D:5      | Entered Level 5 of the Dungeon
  3325 | D:5      | Reached skill level 1 in Evocations
  3357 | D:5      | Reached skill level 5 in Axes
  3403 | D:5      | Identified the +2 spear of Undoing {drain, rF+ Str+3}
  3427 | D:5      | Found a shadowy altar of Dithmenos.
  3440 | D:5      | Reached XP level 8. HP: 65/66 MP: 7/7
  3479 | D:5      | Identified the +1 war axe "Tathorut" {freeze, *Noise rF+
                  | rN+ Stlth+}
  4045 | D:6      | Found a bloodstained altar of Trog.
  4560 | D:7      | Found a staircase to the Ecumenical Temple.
  4587 | Temple   | Entered the Ecumenical Temple
  4587 | Temple   | Found a transporter.
  4587 | Temple   | Found a transporter.
  4589 | Temple   | Found a transporter.
  4589 | Temple   | Found a transporter.
  5005 | D:7      | Reached XP level 9. HP: 78/78 MP: 8/8
  5366 | D:8      | Noticed an orange demon
  5366 | D:8      | Noticed Amaemon
  5415 | D:8      | Killed Amaemon
  5416 | D:8      | Reached skill level 5 in Dodging
  5586 | D:8      | Killed an orange demon
  5854 | D:8      | Found a blossoming altar of Fedhas.
  5861 | D:8      | Found a shimmering altar of Xom.
  6361 | D:8      | Reached XP level 10. HP: 85/88 MP: 9/9
  6377 | D:8      | Found a staircase to the Lair.
  6825 | D:9      | Reached skill level 5 in Throwing
  7556 | D:9      | Found a glowing golden altar of the Shining One.
  7682 | D:10     | Entered Level 10 of the Dungeon
  7979 | D:10     | Found a transporter.
  7979 | D:10     | Noticed TheSexyCheese's ghost (journeyman OgFE)
  8284 | D:10     | Found a transporter.
  8309 | D:10     | Found a radiant altar of Vehumet.
  8421 | D:10     | Found a burning altar of Makhleb.
  8421 | D:10     | Noticed a green death
  8424 | D:10     | Noticed an orange demon
  8426 | D:10     | Became a worshipper of Makhleb the Destroyer
  8724 | Lair:1   | Entered Level 1 of the Lair of Beasts
  8758 | Lair:1   | Reached skill level 1 in Invocations
  9042 | Lair:1   | Reached skill level 5 in Evocations
  9072 | Lair:1   | Noticed Gastronok
  9230 | Lair:1   | Killed from afar by Gastronok

Illustrated notes

Levels and vault maps discovered:
D:1:      onia_arrival_zoo_common, layout_basic, serial_shops,
          nicolae_shop_advertising_works [nicolae_subvault_shop_adworks]
D:2:      layout_loops_ring, minmay_misc_feat_tiny, minmay_misc_feat_five
D:3:      cheibrodos_old_hovel, layout_basic, minmay_misc_feat_ornament,
          minmay_surrounded
D:4:      layout_basic, kennysheep_generic_room_13, uniq_edmund, uniq_sigmund
D:5:      layout_basic, nicolae_dithmenos_the_darkroom, roderic_batcave,
          grunt_ministairs_15
D:6:      layout_loops_ring, overflow_temple_1_default
D:7:      layout_loops_ring, minmay_temple_entry_trees
D:8:      layout_cave_pods, amethyst_overflow_temple_binary,
          erik_lair_orcish_takeover, st_stairs_6, uniq_amaemon
D:9:      layout_loops_corners, nicolae_tso_swordbearing_angel
D:10:     layout_long_grid, kennysheep_mini_moat, minitemple,
          makhleb_altar_promises_db, gammafunk_ghost_stat_death,
          serial_bayou_pond_b
Temple:   hellmonk_temple_divided_pantheon
Lair:1:   layout_chaotic_city, chequers_serial_rivers_small_3, uniq_gastronok

Skill      XL: |  1  2  3  4  5  6  7  8  9 10 |
---------------+-------------------------------+-----
Armour         | 4 5 6 7 8 |  8.8
Fighting       | 4 5 6 7 8 |  8.8
Shields        | 4 5 6 7 8 |  8.7
Axes           | 3 4 5 6 7 8 |  8.2
Dodging        | 1 2 3 4 5 6 |  6.9
Throwing       | 1 2 3 4 5 |  5.9
Evocations     | 1 2 4 5 |  5.0
Invocations    | 1 |  1.4

Action                     |  1- 3 |  4- 6 |  7- 9 | 10-12 || total
---------------------------+-------+-------+-------+-------++-------
  Melee: War axe           |    90 |    74 |   211 |   171 ||   546
         Headbutt          |    14 |    17 |    57 |    40 ||   128
         Hand axe          |       |    43 |    72 |       ||   115
  Throw: Boomerang         |       |       |     9 |     8 ||    17
  Evoke: Wand              |       |       |       |     2 ||     2
 Armour: Scale mail        |    42 |     9 |       |       ||    51
         Gold dragon scale |       |    66 |   221 |   147 ||   434
  Dodge: Dodged            |    30 |     9 |    55 |    53 ||   147
  Block: Buckler           |    16 |       |       |       ||    16
         Kite shield       |    18 |    55 |   170 |   147 ||   390

Table legend: (Time is in decaauts)
 A = Elapsed time spent in this place.
 B = Non-inter-level travel time spent in this place.
 C = Inter-level travel time spent in this place.
 D = Time resting spent in this place.
 E = Time spent auto-exploring this place.
 F = Levels seen in this place.
 G = Mean time per level.
                   A        B        C        D        E       F      G
               +--------+--------+--------+--------+--------+-----+--------+
         Total |   9430 |   9161 |    269 |   1072 |   5972 |  12 |  785.8 |
       Dungeon |   9230 |   8961 |    269 |   1041 |   5969 |  10 |  923.0 |
        Temple |     36 |     36 |      0 |      0 |      0 |   1 |   36.0 |
          Lair |    163 |    163 |      0 |     31 |      3 |   1 |  163.0 |
               +--------+--------+--------+--------+--------+-----+--------+

Top non-repeatable levels by time:
     D:8: 1703 daAuts
     D:9: 1166 daAuts
     D:3: 1018 daAuts
     D:4: 957 daAuts
     D:7: 894 daAuts
    D:10: 815 daAuts
     D:5: 770 daAuts
     D:2: 717 daAuts
     D:6: 658 daAuts
     D:1: 527 daAuts
  Lair:1: 163 daAuts
  Temple: 36 daAuts
